 Dungeon Crawl Stone Soup version 0.21.1-1-g345015fe64 (webtiles) character file.

1456 Dox the Sneak (level 8, -8/54 HPs)
             Began as an Octopode Fighter on Apr 10, 2018.
             Mangled by a wyvern (12 damage)
             ... on level 5 of the Dungeon.
             The game lasted 00:25:24 (4649 turns).

Dox the Sneak (Octopode Fighter)                    Turns: 4649, Time: 00:25:24

Health: -8/54      AC:  1    Str: 15    XL:     8   Next: 76%
Magic:  10/10      EV: 13    Int: 11    God:
Gold:   228        SH:  9    Dex: 13    Spells: 10/10 levels left

rFire    . . .     SeeInvis .   w - +2 dagger (venom)
rCold    . . .     Gourm    .   b - +0 shield
rNeg     . . .     Faith    .   (helmet restricted)
rPois    .         Spirit   .   (no amulet)
rElec    .         Reflect  .   x - ring of flight
rCorr    .         Harm     .   (no ring)
MR       .....                  (no ring)
Stlth    ++++......             (no ring)
HPRegen  0.18/turn              (no ring)
MPRegen  0.12/turn              (no ring)
                                (no ring)
                                (no ring)

@: flying
A: almost no armour, stealthy swim, amphibious, 8 rings, constrict 8, camouflage
1, gelatinous body 1
a: no special abilities


You were on level 5 of the Dungeon.
You were not hungry.

You visited 1 branch of the dungeon, and saw 5 of its levels.
You also visited: Sewer.

You collected 228 gold pieces.

Inventory:

Hand Weapons
 a - a +0 rapier
 w - a +2 dagger of venom (weapon)
Missiles
 j - 90 stones (quivered)
 p - 6 tomahawks
Armour
 b - a +0 shield (worn)
Jewellery
 x - a ring of flight (left tentacle)
Wands
 h - a wand of iceblast (4)
Scrolls
 f - 2 scrolls of remove curse
 g - 2 scrolls of fog {unknown}
 l - 5 scrolls of amnesia {unknown}
 m - 3 scrolls of enchant armour {unknown}
 o - 2 scrolls of blinking {unknown}
 v - 3 scrolls of teleportation {unknown}
 y - 2 scrolls of noise {unknown}
 A - a scroll of identify {unknown}
 D - a scroll of magic mapping {unknown}
 E - a scroll of fear {unknown}
Potions
 c - 2 potions of heal wounds {unknown}
 e - 2 potions of haste {unknown}
 i - 2 potions of resistance {unknown}
 k - a potion of lignification {unknown}
 n - a potion of berserk rage {unknown}
 r - 3 potions of curing {unknown}
 s - 2 potions of invisibility {unknown}
 t - 2 potions of degeneration {unknown}
 u - 4 potions of flight
 z - 3 potions of magic
Books
 q - a book of Misfortune

   Spells                             Type                      Level
   a - Confusing Touch                Hexes                        1
   b - Confuse                        Hexes                        3
   c - Gell's Gravitas                Translocation                3
   d - Petrify                        Transmutation/Earth          4
   e - Metabolic Englaciation         Hexes/Ice                    5
   f - Yara's Violent Unravelling     Hexes/Transmutation          5
Comestibles
 d - 11 rations
 C - 2 chunks of flesh


   Skills:
 * Level 4.6 Fighting
 * Level 5.4 Short Blades
 + Level 1.8 Throwing
 * Level 4.6 Dodging
 + Level 6.3 Stealth
 * Level 4.6 Shields
 * Level 3.1 Unarmed Combat
 * Level 1.6 Spellcasting
 * Level 1.7 Evocations


You had 10 spell levels left.
You didn't know any spells.

Dungeon Overview and Level Annotations

Branches:
Dungeon (5/15)
 Temple: D:4-7

Altars:
Makhleb
Nemelex Xobeh
Trog
Yredelemnul
The Shining One


Innate Abilities, Weirdness & Mutations

You cannot wear most types of armour.
You are very stealthy in the water. (Stealth+)
You are amphibious.
You can wear up to eight rings at the same time.
You can use your tentacles to constrict eight enemies at once.
Your skin changes colour to match your surroundings (Stealth+).
Your rubbery body absorbs attacks. (AC +1, EV +1)


Message History

The ogre is severely wounded.
You block the ogre's attack.
You hit the ogre.
The ogre looks as sick as possible!
The ogre is almost dead.
You kill the ogre!
The wyvern bites you.
You closely miss the wyvern. Your squeeze misses the wyvern.
The wyvern bites you!
* * * LOW HITPOINT WARNING * * *
You hit the wyvern but do no damage.
The wyvern is poisoned.
You block the wyvern's attack.
You hit the wyvern but do no damage.
The wyvern looks even sicker.
You block the wyvern's attack. The wyvern bites you!
* * * LOW HITPOINT WARNING * * *
It was a potion of flight.
You feel very buoyant.
You fly up into the air.
You block the wyvern's attack.
It was a potion of magic.
Magic courses through your body. The wyvern bites you!
You die...

#.................##
#..................# ##
#.....?............#
...###...................
.........................
....#...#...#...#........
...#...#...#...#.........
#...#)..#...#........>.
#...#@..#...#.........
#..l#...#...#..[.....
#..................##....
#.#...#...#...#.......##.
#..#...#...#...#......##.
#..$#..?#..?#..(#........
#..#...#...#...#....#####
#.#...#...#...#.....#####
#. ................#....


You could see a wyvern.

Vanquished Creatures
  Pikel (D:4)
  An orc warrior (D:5)
  Purgy (Sewer)
  An ogre (D:5)
  An eye of draining (D:5)
  A centaur (D:5)
  A scorpion (D:5)
  A jelly (D:5)
  2 orc wizards
  5 worker ants
  A hound skeleton (D:4)
  Robin (D:4)
  5 gnolls
  11 adders
  An ooze (D:4)
  A worm (D:4)
  A dart slug (D:1)
  2 leopard geckos
  13 orcs
  5 bats
  A giant cockroach (D:3)
  2 gnoll zombies (D:2)
  15 goblins
  12 hobgoblins
  7 jackals
  9 kobolds
  2 quokkas
  5 ball pythons
  9 frilled lizards
  A jackal zombie (D:5)
  A leopard gecko skeleton (D:4)
  A quokka zombie (D:5)
  7 rats
128 creatures vanquished.

Vanquished Creatures (others)
  A howler monkey (D:4)
  A leopard gecko (D:4)
2 creatures vanquished.

Grand Total: 130 creatures vanquished

Notes
Turn   | Place    | Note
-------+----------+-------------------------------------------
     0 | D:1      | Dox the Octopode Fighter began the quest for the Orb.
     0 | D:1      | Reached XP level 1. HP: 16/16 MP: 1/1
   367 | D:1      | Reached XP level 2. HP: 21/21 MP: 2/2
   544 | D:1      | Reached skill level 1 in Stealth
   590 | D:1      | Reached XP level 3. HP: 21/26 MP: 3/3
  1045 | D:1      | Reached skill level 2 in Stealth
  1207 | D:2      | You fall through a shaft for 2 floors!
  1238 | D:4      | Reached XP level 4. HP: 28/31 MP: 4/4
  1242 | D:4      | Noticed Pikel
  1242 | D:4      | Noticed a slave
  1242 | D:4      | Noticed a slave
  1242 | D:4      | Noticed a slave
  1242 | D:4      | Noticed a slave
  1253 | D:4      | Killed Pikel
  1253 | D:4      | Reached skill level 1 in Throwing
  1253 | D:4      | Reached skill level 5 in Stealth
  1253 | D:4      | Reached XP level 5. HP: 21/37 MP: 5/5
  1253 | D:4      | Reached XP level 6. HP: 24/43 MP: 6/6
  1253 | D:4      | Reached XP level 7. HP: 27/47 MP: 7/7
  2513 | D:2      | Found a sparkling altar of Nemelex Xobeh.
  2760 | D:2      | Found a basalt altar of Yredelemnul.
  3676 | D:4      | Found a bloodstained altar of Trog.
  3684 | D:4      | Noticed Robin
  3696 | D:4      | Killed Robin
  3925 | D:5      | Entered Level 5 of the Dungeon
  3979 | D:5      | Found a burning altar of Makhleb.
  4023 | D:5      | Reached skill level 1 in Spellcasting
  4023 | D:5      | Reached XP level 8. HP: 54/54 MP: 9/9
  4048 | D:5      | Found a glowing golden altar of the Shining One.
  4249 | D:5      | Reached skill level 1 in Evocations
  4254 | D:5      | Reached skill level 5 in Short Blades
  4309 | D:5      | Found a glowing drain.
  4319 | Sewer    | Entered a sewer
  4373 | Sewer    | Noticed Purgy
  4380 | Sewer    | Killed Purgy
  4430 | Sewer    | Reached skill level 6 in Stealth
  4583 | D:5      | Got a brightly glowing long sword
  4584 | D:5      | Identified the cursed +1 long sword "Roty" {flame, *Slow rF+ rC+ rN+} (You found it on level 5 of the Dungeon)
  4637 | D:5      | Noticed a wyvern
  4649 | D:5      | Mangled by a wyvern

Skill      XL: |  1  2  3  4  5  6  7  8 |
---------------+-------------------------+-----
Stealth        | 1 2 5 6 |  6.3
Short Blades   | 4 5 |  5.4
Throwing       | 1 |  1.8
Unarmed Combat | 2 3 |  3.1
Shields        | 4 |  4.6
Fighting       | 4 |  4.6
Dodging        | 4 |  4.6
Spellcasting   | 1 |  1.6
Evocations     | 1 |  1.7

Action                   |  1- 3 |  4- 6 |  7- 9 || total
-------------------------+-------+-------+-------++-------
Melee: Rapier            |    46 |     3 |   106 ||   155
       Constrict         |    14 |     1 |    34 ||    49
       Tentacles         |     7 |     1 |    26 ||    34
       Short sword       |       |       |    53 ||    53
       Punch             |       |       |     5 ||     5
       Dagger            |       |       |    14 ||    14
Throw: Stone             |    17 |     1 |    87 ||   105
Evoke: Wand              |       |       |     1 ||     1
  Use: Potion            |       |     1 |     2 ||     3
       Scroll            |       |       |     1 ||     1
 Stab: Sleeping          |     6 |       |    29 ||    35
  Eat: Chunk             |     1 |       |    11 ||    12
Armor: Skin              |     2 |       |     4 ||     6
Dodge: Dodged            |    25 |     2 |    43 ||    70
Block: Shield            |    21 |       |    38 ||    59
